 Dungeon Crawl Stone Soup version 0.26-a0-996-g6b303dbc09 (webtiles) character file.

Game seed: 4638904832917277661

570182 DerHolg the Hoplite (level 25, -2/220 HPs)
             Began as a Minotaur Berserker on Dec 2, 2020.
             Was the Champion of Trog.
             Slain by a titanic slime creature (23 damage)
             ... on level 2 of the Pits of Slime on Dec 6, 2020.
             The game lasted 07:37:35 (80283 turns).

DerHolg the Hoplite (Minotaur Berserker)           Turns: 80283, Time: 07:37:36

Health: -2/220     AC: 29    Str: 26      XL:     25   Next: 61%
Magic:  14/19      EV: 15    Int:  4      God:    Trog [******]
Gold:   3440       SH:  0    Dex: 14 (16) Spells: 24/24 levels left

rFire    + . .     SeeInvis +   a - +6 broad axe of Light {vorpal, +Blink rC+ Str-5}
rCold    + . .     Faith    .   U - +0 tower shield {AC+3}
rNeg     + + .     Spirit   .   I - +2 crystal plate armour
rPois    +         Reflect  +   G - +2 hat {SInv}
rElec    .         Harm     .   q - +2 cloak
rCorr    +         Rampage  .   L - +1 pair of gloves {Dex+3}
MR       +....     Rnd*Rage +   w - +3 pair of boots of Ylock {rN+}
Stlth    ..........             X - amulet of reflection
HPRegen  0.46/turn              Z - ring of Xom's Flight of Fancy {rPois rF+ rN+}
MPRegen  0.16/turn              R - ring of resist corrosion

@: confused, corroded, studying Armour
A: retaliatory headbutt, horns 2, berserk 1, blurry vision 1, deformed body,
deterioration 2, frail 1, low mp 1, screaming 1, subdued magic 1
}: 3/15 runes: decaying, serpentine, silver
a: Berserk, Trog's Hand, Brothers in Arms, Renounce Religion, Evoke Blink


You were on level 2 of the Pits of Slime.
You worshipped Trog.
Trog was exalted by your worship.
You visited 9 branches of the dungeon, and saw 46 of its levels.
You also visited: Trove and Sewer.

You collected 8047 gold pieces.
You spent 4607 gold pieces at shops.

Inventory:

Hand Weapons
 a - the +6 broad axe of Light (weapon) {vorpal, +Blink rC+ Str-5}
   (You found it in a treasure trove)

   It inflicts extra damage upon your enemies.
   It affects your strength (-5).
   It protects you from cold.
   It lets you blink.
 b - the +8 trident of the Octopus King {venom, rElec rPois MR+}
   (Trog gifted it to you on level 4 of the Snake Pit)

   It poisons the flesh of those it strikes.
   It insulates you from electricity.
   It protects you from poison.
   It affects your resistance to hostile enchantments.
Missiles
 g - 3 boomerangs (quivered)
 v - 3 throwing nets
 C - 12 javelins
 O - 27 silver javelins
Armour
 q - a +2 cloak (worn)
 w - the +3 pair of boots of Ylock (worn) {rN+}
   (You found it on level 5 of the Vaults)

   It protects you from negative energy.
 B - a +0 plate armour of fire resistance
 G - a +2 hat of see invisible (worn)
 I - a +2 crystal plate armour (worn)
 L - a +1 pair of gloves of dexterity (worn)
 U - a +0 tower shield of protection (worn)
Jewellery
 N - an uncursed ring of protection from magic
 R - a ring of resist corrosion (right hand)
 X - an amulet of reflection (around neck)
 Z - the ring of Xom's Flight of Fancy (left hand) {rPois rF+ rN+}
   (You bought it in a shop on level 1 of the Depths)

   [ring of positive energy]

   It protects you from fire.
   It protects you from poison.
   It protects you from negative energy.
Wands
 k - a wand of digging (12)
 o - a wand of disintegration (20)
 y - a wand of acid (37)
 M - a wand of iceblast (20)
 Q - a wand of flame (77)
 Y - a wand of paralysis (17)
Scrolls
 c - 7 scrolls of enchant armour
 f - 12 scrolls of teleportation
 i - 17 scrolls of identify
 m - a scroll of enchant weapon
 p - 2 scrolls of brand weapon
 u - 29 scrolls of remove curse
 A - 4 scrolls of summoning
 E - a scroll of fear
 H - 2 scrolls of blinking
 K - a scroll of holy word
 P - 8 scrolls of magic mapping
 S - 2 scrolls of silence
 T - 7 scrolls of immolation
Potions
 e - 5 potions of might
 h - 6 potions of lignification
 j - 6 potions of haste
 l - 14 potions of flight
 n - 18 potions of curing
 r - 6 potions of mutation
 x - 9 potions of heal wounds
 z - 4 potions of ambrosia
 V - 4 potions of cancellation
Books
 D - a manual of Armour


   Skills:
 + Level 23.7 Fighting
 - Level 20.0 Axes
 - Level 1.0(13.6) Maces & Flails
 - Level 0.5(13.5) Polearms
 - Level 16.0 Throwing
 + Level 24.2 Armour
 * Level 15.9 Dodging
 - Level 25.0 Shields
 + Level 10.9 Evocations


You had 24 spell levels left.
You didn't know any spells.
Your spell library was empty.

Dungeon Overview and Level Annotations

Branches:
Dungeon (15/15)            Temple (0/1) D:4            Lair (6/6) D:8
  Swamp (4/4) Lair:3        Snake (4/4) Lair:4        Slime (2/5) Lair:5
    Orc (2/2) D:11            Elf (3/3) Orc:2        Vaults (5/5) D:14
  Crypt (0/3) Vaults:3     Depths (5/5) D:15            Zot (0/5) Depths:5
  Sewer (visited)

Altars:
Ashenzari
Cheibriados
Dithmenos
Elyvilon
Hepliaklqana
Nemelex Xobeh
Okawaru
Qazlal
Ru
Sif Muna
Trog
Wu Jian
Xom
Yredelemnul
Zin
The Shining One
Beogh
Jiyva

Shops:
D:4 ?   D:11 *   Orc:2 [[=(   Elf:2 [   Snake:1 !   Vaults:4 (   Vaults:5 :
Depths:1 =(}=   Depths:3 (   Depths:4 !

Portals:
Hell: Depths:1 Depths:2 Depths:3 Depths:4 Depths:5
Abyss: Depths:2 Depths:4
Pandemonium: Depths:3 Depths:4
Ziggurat: Depths:1

Annotations:
D:8 1 exclusion
Lair:1 1 exclusion
Swamp:3 2 transporters, Odwax's ghost, adept MiFi
Orc:2 1 exclusion
Elf:1 6 runed translucent doors
Depths:1 3 exclusions


Innate Abilities, Weirdness & Mutations

You reflexively headbutt those who attack you in melee.
You have a pair of horns on your head.
You tend to lose your temper in combat.
Scrolls take you a little longer to read.
Armour fits poorly on your strangely shaped body.
Your body often deteriorates upon taking damage.
You are frail. (-10% HP)
Your magical capacity is low. (-10% MP)
You occasionally shout uncontrollably at your foes.
Your spells are a little easier to cast, but a little less powerful.


Message History

* * * LOW HITPOINT WARNING * * *
Two slime creatures merge to form a titanic slime creature.
The large slime creature misses you. The golden eye blinks at you.
You easily resist.
The large slime creature misses you. The acid blob hits you!!
* * * LOW HITPOINT WARNING * * *
Your body deteriorates!
You feel clumsy. The acid corrodes you!
You are splashed with acid.
You resist.
* * * LOW HITPOINT WARNING * * *
The golden eye blinks at you. You resist with some effort.
The golden eye blinks!
The large slime creature completely misses you.
You feel much better.
A golden eye comes into view.
Two slime creatures merge to form a very large slime creature.
The golden eye blinks at you.
You are more confused.
The acid blob misses you. The titanic slime creature hits you!!
You die...

... #^#.# #.##.
.. ..... ..... ..
#..... #.....
.###......
#....##.........
#....#........#.
#...............
.#....GJJ.....#
....G.J@JJ...##
......JJJ....#
..G....GJG.......
.....>...........
.................
#.#..........G...
.................
.............G..


You could see 2 acid blobs, 2 titanic slime creatures, a very large slime
creature, 2 large slime creatures, 2 slime creatures, an eye of devastation, an
eye of draining and 5 golden eyes.

Vanquished Creatures
  An ancient lich (Vaults:5)
  Mara (Vaults:5)
  A juggernaut (Depths:4)
  Saint Roka (Vaults:1)
  Frederick (Vaults:2)
  A caustic shrike (Depths:2)
  Bai Suzhen (Vaults:5)
  Xtahua (Depths:3)
  2 golden dragons
  Nikola (Lair:3)
  the Enchantress (Depths:4)
  A pearl dragon (Depths:3)
  2 tentacled monstrosities
  A lich (Vaults:5)
  Asterion (Vaults:1)
  3 deep elf blademasters
  7 titans
  2 deep elf master archers (Elf:3)
  2 quicksilver dragons (Vaults:5)
  2 acid blobs (Slime:1)
  Gastronok (Lair:3)
  The ghost of Rywnuynonna the Peltast, an adept HuWn of Kikubaaqudgha (Snake:1)
  6 sphinxes
  3 ancient champions
  3 storm dragons
  Kirke (D:15)
  An azure jelly (Slime:2)
  A thorn hunter (Swamp:1)
  Donald (Vaults:1)
  6 shadow dragons
  2 fenstrider witches (Swamp:4)
  6 nagarajas
  18 vault wardens
  7 frost giants
  5 tengu reavers
  7 fire giants
  A draconian knight (Depths:5)
  2 orc warlords (Orc:2)
  Aizul (Elf:3)
  12 deep elf sorcerers
  2 iron dragons
  A large abomination (Elf:3)
  3 spriggan defenders (Depths:4)
  2 deep elf elementalists (Elf:3)
  A draconian annihilator (Depths:5)
  A draconian shifter (Depths:5)
  16 very ugly things
  An ophan (Depths:3)
  8 ironheart preservers
  3 war gargoyles (Vaults:5)
  24 stone giants
  Nessos (D:13)
  2 green draconians (Depths:5)
  A dire elephant (Lair:6)
  An apis (Depths:3)
  5 deep elf annihilators
  3 bunyips
  8 deep elf demonologists
  Azrael (Orc:2)
  7 spark wasps
  A yellow draconian (Depths:5)
  2 red draconians (Depths:5)
  A purple draconian (Depths:5)
  An ettin (shapeshifter) (Elf:3)
  A merfolk javelineer (Depths:4)
  An eleionoma (shapeshifter) (Vaults:5)
  An eidolon (Vaults:3)
  16 fire dragons
  2 eleionomae
  20 ettins
  A mummy priest (Elf:2)
  17 yaktaur captains
  11 deep elf death magi
  11 ogre magi
  Fannar (Lair:1)
  4 deep elf high priests
  9 naga warriors
  9 great orbs of eyes
  Harold (Lair:1)
  12 rakshasas
  18 ice dragons
  35 vault guards
  2 ghost crabs
  3 spriggan air magi (Depths:3)
  5 catoblepae
  23 hydras
  Erolcha (D:13)
  10 boulder beetles
  An anaconda (shapeshifter) (Vaults:5)
  2 death knights
  10 centaur warriors
  25 anacondas
  6 alligators
  12 deep troll shamans
  The ghost of Trueduck the Reanimator, a novice DDNe of Makhleb (D:10)
  34 two-headed ogres
  26 dancing weapons
  7 tengu warriors
  17 deep troll earth magi
  6 orc high priests
  12 death yaks
  3 vampire magi
  5 shock serpents
  15 naga sharpshooters
  31 deep elf knights
  4 spriggan berserkers
  A soul eater (Depths:3)
  5 hell knights (Vaults:5)
  A sixfirhy (Depths:3)
  13 skeletal warriors
  6 iron trolls
  3 shadow wraiths
  4 glowing orange brains
  3 goliath frogs
  4 salamander mystics
  A deep troll (shapeshifter) (Depths:3)
  36 deep trolls
  2 glowing orange brains (shapeshifter)
  2 unseen horrors
  A sea snake (shapeshifter) (Depths:3)
  2 spriggan druids (Depths:2)
  7 swamp dragons
  3 wizards
  2 unseen horrors (shapeshifter)
  A flayed ghost (Vaults:1)
  A bog body (Swamp:1)
  A swamp dragon (shapeshifter) (Vaults:2)
  2 phantasmal warriors
  5 ironbrand convokers
  6 lindwurms
  8 naga ritualists
  20 orc knights
  2 harpies
  18 deep elf archers
  6 necromancers
  6 mana vipers
  A sphinx skeleton (Vaults:2)
  9 orc sorcerers
  A wolf spider (shapeshifter) (Vaults:5)
  2 will-o-the-wisps
  49 ugly things
  2 shining eyes
  78 deep elf magi
  2 manticores
  2 wolf spiders
  A fire giant zombie (Vaults:2)
  13 elephants
  8 cyclopes
  12 guardian serpents
  14 salamanders
  2 black mambas (shapeshifter)
  An eye of devastation (shapeshifter) (Depths:1)
  6 centaur zombies
  A guardian serpent (shapeshifter) (Vaults:5)
  19 vault sentinels
  12 naga magi
  35 black mambas
  3 gargoyles
  Maggie (D:7)
  A rust devil (Depths:3)
  8 centaur skeletons
  8 cane toads
  A small abomination (Elf:3)
  A yaktaur zombie (Vaults:2)
  A yaktaur (shapeshifter) (Vaults:4)
  A torpor snail (Lair:5)
  9 komodo dragons
  5 rime drakes
  A komodo dragon (shapeshifter) (Vaults:4)
  4 kobold demonologists
  A guardian mummy (D:15)
  2 rime drakes (shapeshifter)
  A tormentor (Depths:3)
  An efreet (D:14)
  5 freezing wraiths
  62 yaktaurs
  A queen bee (shapeshifter) (Vaults:2)
  A tengu conjurer (Depths:5)
  4 polar bears
  2 polar bears (shapeshifter)
  A silent spectre (Depths:4)
  2 hornets (shapeshifter)
  11 trolls
  7 tyrant leeches
  A troll (shapeshifter) (Vaults:4)
  A tengu simulacrum (Vaults:3)
  29 blink frogs
  A wind drake (shapeshifter) (D:15)
  44 slime creatures
  Prince Ribbit (D:7)
  14 hornets
  A raiju (shapeshifter) (Elf:2)
  A fire giant simulacrum (Vaults:1)
  3 blink frogs (shapeshifter)
  2 dream sheep (shapeshifter)
  5 dream sheep (Lair:6)
  5 air elementals
  49 yaks
  2 wyverns
  11 spriggans
  5 wraiths
  A shadow (D:15)
  A vampire (D:14)
  8 water elementals
  7 basilisks
  A fire bat (shapeshifter) (Vaults:4)
  2 hogs (D:15)
  6 fire elementals
  Menkaure (D:5)
  A yaktaur simulacrum (Vaults:2)
  9 steam dragons
  3 golden eyes (shapeshifter)
  18 vampire mosquitoes
  2 neqoxecs
  7 wargs
  A soldier ant (D:14)
  2 acid dragons
  49 nagas
  18 swamp worms
  15 water moccasins
  A hell hound (Depths:2)
  A water moccasin (shapeshifter) (Vaults:4)
  Duvessa (D:7)
  A floating eye (Depths:4)
  65 orc warriors
  7 swamp drakes (Swamp:4)
  4 black bears
  An eye of draining (shapeshifter) (Vaults:1)
  5 ice beasts
  4 sky beasts
  A necrophage (D:10)
  2 phantoms
  10 boggarts
  A tengu (shapeshifter) (Vaults:2)
  2 eyes of draining
  43 ogres
  6 wolves (Lair:6)
  15 centaurs
  3 human skeletons (Vaults:2)
  8 big kobolds
  A big kobold (shapeshifter) (Depths:4)
  A bullfrog (shapeshifter) (D:11)
  29 bullfrogs
  A wyvern zombie (D:12)
  Dowan (D:7)
  7 earth elementals
  A hornet simulacrum (D:14)
  6 scorpions
  A wyvern skeleton (D:11)
  13 wights
  15 killer bees
  An orc simulacrum (Vaults:2)
  A crimson imp (Depths:2)
  3 howler monkeys
  2 quasits
  2 human simulacra
  2 bullfrog zombies
  Crazy Yiuf (D:2)
  4 jellies
  49 orc priests
  7 hounds
  An iron imp (Depths:4)
  2 bullfrog skeletons
  7 hell rats
  A gnoll shaman (D:8)
  6 iguanas
  26 orc wizards
  13 worker ants
  A hound zombie (D:5)
  3 hound skeletons
  Robin (D:2)
  4 worker ant zombies
  9 gnolls
  A howler monkey skeleton (D:11)
  14 adders
  10 river rats
  3 shadow imps
  5 white imps
  2 ufetubi
  An ooze (D:4)
  6 worms
  3 dart slugs
  A leopard gecko (shapeshifter) (Vaults:5)
  7 leopard geckos
  155 orcs
  4 giant cockroaches
  12 goblins
  7 hobgoblins
  6 jackals
  57 kobolds
  2 quokkas
  6 ball pythons
  5 bats
  5 frilled lizards
  A goblin skeleton (D:5)
  A hobgoblin zombie (D:5)
  2 kobold skeletons (D:5)
  A kobold zombie (D:5)
  An orc skeleton (D:5)
  2 orc zombies
  2 quokka zombies
  38 rats
  2 bushes (Depths:1)
  4 crawling corpses (Elf:3)
2328 creatures vanquished.

Vanquished Creatures (collateral kills)
  the Lernaean hydra (Swamp:4)
  A tengu reaver (Vaults:5)
  3 nagarajas (Snake:4)
  A fire giant (Vaults:5)
  A balrug (Depths:4)
  2 ironheart preservers (Vaults:1)
  An ettin (D:14)
  A great orb of eyes (shapeshifter) (D:14)
  4 hydras
  A rakshasa (Vaults:1)
  3 anacondas (Snake:4)
  A tengu warrior (D:11)
  A death drake (shapeshifter) (D:15)
  A glowing orange brain (Vaults:1)
  A swamp dragon (Swamp:4)
  An orange demon (Depths:4)
  A centaur skeleton (D:14)
  A hellwing (Depths:4)
  A red devil (Depths:4)
  A slime creature (Vaults:1)
  A basilisk (D:7)
  A hog (shapeshifter) (D:14)
  A chaos spawn (Depths:4)
  A naga (Snake:4)
  3 centaurs (D:14)
  A wight (D:11)
  3 quasits (Depths:4)
  An orc priest (Orc:2)
  A worker ant (D:8)
  A white imp (Depths:4)
  An ufetubus (Depths:4)
  An orc (D:11)
44 creatures vanquished.

Vanquished Creatures (others)
  A vampire knight (Depths:3)
  A deep elf annihilator (Vaults:5)
  A great orb of eyes (Depths:5)
  A deep elf high priest (Elf:1)
  An unseen horror (D:14)
  3 deep elf magi
  A rime drake (Lair:2)
  2 bloated husks (Swamp:2)
  3 humans (D:15)
  6 orcs (Elf:1)
  3 bushes (Depths:2)
  2 foxfires (Swamp:1)
  57 fungi
  102 plants
184 creatures vanquished.

Grand Total: 2556 creatures vanquished

Notes
Turn   | Place    | Note
-------+----------+-------------------------------------------
     0 | D:1      | DerHolg the Minotaur Berserker began the quest for the Orb.
     0 | D:1      | Reached XP level 1. HP: 19/19 MP: 0/0
   245 | D:1      | Reached XP level 2. HP: 27/27 MP: 1/1
   794 | D:2      | Found a faded altar of an unknown god.
  1054 | D:2      | Reached XP level 3. HP: 33/33 MP: 2/2
  1492 | D:2      | Reached ** piety under Trog
  1790 | D:2      | Reached XP level 4. HP: 39/40 MP: 3/3
  1791 | D:2      | Noticed Robin
  1800 | D:2      | Killed Robin
  1803 | D:2      | Reached skill level 1 in Shields
  2004 | D:2      | Found a runed translucent door.
  2005 | D:2      | Noticed Crazy Yiuf
  2013 | D:2      | Killed Crazy Yiuf
  2352 | D:3      | Reached XP level 5. HP: 47/47 MP: 4/4
  2791 | D:4      | Reached skill level 5 in Axes
  2791 | D:4      | Reached skill level 2 in Shields
  2989 | D:4      | Reached *** piety under Trog
  3043 | D:4      | Reached skill level 3 in Shields
  3043 | D:4      | Reached XP level 6. HP: 48/53 MP: 5/5
  3184 | D:4      | Found Alaixudo's Magic Scroll Shoppe.
  3444 | D:4      | Reached skill level 5 in Fighting
  3486 | D:4      | Reached skill level 4 in Shields
  3489 | D:4      | Reached XP level 7. HP: 58/61 MP: 6/6
  3563 | D:4      | Found a staircase to the Ecumenical Temple.
  3766 | D:5      | Entered Level 5 of the Dungeon
  3768 | D:5      | Found a glowing golden altar of the Shining One.
  3912 | D:5      | Found a hazy altar of Hepliaklqana.
  4178 | D:5      | Reached **** piety under Trog
  4217 | D:5      | Found the +2 ratskin cloak {*Rats rPois rN+ Str-1 Int-1
                  | Dex+1}
  4226 | D:5      | Reached skill level 5 in Shields
  4395 | D:5      | Noticed a fire elemental
  4436 | D:5      | Noticed an air elemental
  4506 | D:5      | Found a stormy altar of Qazlal.
  4581 | D:5      | Reached skill level 5 in Armour
  4634 | D:5      | Noticed a water elemental
  4992 | D:6      | Noticed Menkaure
  5001 | D:5      | Killed Menkaure
  5002 | D:5      | Reached XP level 8. HP: 70/70 MP: 7/7
  5008 | D:6      | Reached skill level 6 in Shields
  5015 | D:5      | Reached skill level 5 in Dodging
  5243 | D:6      | Found a glowing drain.
  5269 | Sewer    | Entered a sewer
  5455 | Sewer    | Reached ***** piety under Trog
  5927 | D:6      | Reached skill level 7 in Shields
  6312 | D:7      | Noticed Duvessa
  6312 | D:7      | Noticed Dowan
  6391 | D:7      | Killed Duvessa
  6392 | D:7      | Reached XP level 9. HP: 72/78 MP: 8/8
  6394 | D:7      | Killed Dowan
  6438 | D:7      | Found an iron altar of Okawaru.
  6667 | D:7      | Noticed Prince Ribbit
  6671 | D:7      | Noticed Maggie
  6694 | D:7      | Killed Maggie
  6695 | D:7      | Reached skill level 8 in Shields
  6786 | D:7      | Received a gift from Trog
  6844 | D:7      | Killed Prince Ribbit
  6964 | D:7      | Found a shadowy altar of Dithmenos.
  7103 | D:8      | Found a staircase to the Lair.
  7103 | D:8      | Noticed an elephant
  7242 | D:7      | Killed an elephant
  7243 | D:7      | Reached skill level 9 in Shields
  7469 | D:8      | Found a sacrificial altar of Ru.
  7672 | D:8      | Reached XP level 10. HP: 88/88 MP: 9/9
  8248 | D:8      | Found a broken altar of Ashenzari.
  8606 | D:9      | Reached skill level 10 in Shields
  9255 | D:9      | Found a glowing silver altar of Zin.
  9274 | D:9      | Found an ornate altar of the Wu Jian Council.
  9274 | D:9      | Found a snail-covered altar of Cheibriados.
  9277 | D:9      | Found a basalt altar of Yredelemnul.
  9348 | D:9      | Found a sparkling altar of Nemelex Xobeh.
  9348 | D:9      | Found a shimmering altar of Xom.
  9409 | D:9      | Received a gift from Trog
 10249 | D:10     | Entered Level 10 of the Dungeon
 10257 | D:10     | Noticed a six-headed hydra
 10274 | D:10     | Killed a seven-headed hydra
 10521 | D:10     | Reached skill level 11 in Shields
 10673 | D:10     | You fall into a shaft and drop 3 floors!
 10674 | D:13     | Noticed a skeletal warrior
 10674 | D:13     | Noticed a skeletal warrior
 10674 | D:13     | Noticed a skeletal warrior
 10738 | D:13     | Reached XP level 11. HP: 90/97 MP: 10/10
 10775 | D:12     | Found an iron altar of Okawaru.
 10785 | D:12     | Noticed a skeletal warrior
 10785 | D:12     | Noticed a skeletal warrior
 10785 | D:12     | Noticed a skeletal warrior
 10785 | D:12     | Noticed a skeletal warrior
 11000 | D:12     | Noticed a two-headed ogre
 11010 | D:12     | Killed a two-headed ogre
 11065 | D:11     | Noticed a white ugly thing
 11114 | D:11     | Noticed a brown ugly thing
 11117 | D:11     | Noticed a two-headed ogre
 11125 | D:10     | Killed a brown ugly thing
 11132 | D:10     | Killed a brown ugly thing
 11781 | D:10     | Found a runed translucent door.
 11784 | D:10     | Noticed Trueduck's ghost (novice DDNe)
 11974 | D:11     | Killed a two-headed ogre
 11975 | D:11     | Reached skill level 1 in Throwing
 11975 | D:11     | Reached skill level 12 in Shields
 12100 | D:11     | Noticed a white ugly thing
 12113 | D:11     | Killed a white ugly thing
 12114 | D:11     | Reached skill level 10 in Axes
 12119 | D:11     | Noticed a death drake
 12119 | D:11     | a salamander changed into a death drake
 12123 | D:11     | Noticed a shock serpent
 12123 | D:11     | a death drake changed into a shock serpent
 12124 | D:11     | Noticed a mana viper
 12124 | D:11     | a shock serpent changed into a mana viper
 12124 | D:11     | a mana viper changed into a merfolk
 12188 | D:11     | Noticed a tengu warrior
 12195 | D:11     | Killed a tengu warrior
 12455 | D:11     | Noticed a two-headed ogre
 12471 | D:11     | Killed a two-headed ogre
 12484 | D:11     | Received a gift from Trog
 12562 | D:11     | Got an ebony trident
 12751 | D:11     | Reached skill level 10 in Fighting
 12861 | D:11     | Killed an unseen horror
 13151 | D:11     | Found Uxowoura's General Store.
 13244 | D:11     | Reached XP level 12. HP: 86/106 MP: 11/11
 13399 | D:11     | Reached skill level 10 in Armour
 14399 | D:11     | Found a roughly hewn altar of Beogh.
 14399 | D:11     | Found a staircase to the Orcish Mines.
 14477 | D:11     | Identified the +7 trident of Kaqaunee {vorpal, rN+} (You
                  | found it on level 11 of the Dungeon)
 14629 | Lair:1   | Entered Level 1 of the Lair of Beasts
 14629 | Lair:1   | Noticed a five-headed hydra
 14643 | Lair:1   | Killed a five-headed hydra
 15024 | Lair:1   | Noticed Fannar
 15035 | Lair:1   | Killed Fannar
 15195 | Lair:1   | Noticed a four-headed hydra
 15214 | Lair:1   | Killed a four-headed hydra
 15215 | Lair:1   | Reached skill level 13 in Shields
 15380 | Lair:1   | Received a gift from Trog
 16514 | Lair:2   | Reached skill level 10 in Dodging
 16746 | Lair:2   | Noticed Harold
 16886 | Lair:1   | Killed Harold
 16887 | Lair:1   | Reached skill level 5 in Throwing
 16935 | Lair:1   | Upgraded the game from 0.26-a0-962-g9b92081034 to
                  | 0.26-a0-966-gd078a86f14
 17798 | Lair:2   | Reached XP level 13. HP: 116/116 MP: 12/12
 18419 | Lair:3   | Noticed Gastronok
 18695 | Lair:3   | Killed Gastronok
 19750 | Lair:3   | Found a staircase to the Swamp.
 20800 | Lair:4   | Reached skill level 14 in Shields
 20926 | Lair:4   | Got a scorched buckler
 20927 | Lair:4   | Identified the cursed +0 buckler of Odesticw {rC+ Str+4
                  | Dex-4} (You found it on level 4 of the Lair of Beasts)
 21112 | Lair:4   | Found a staircase to the Snake Pit.
 22216 | Lair:5   | Found a staircase to the Slime Pits.
 22216 | Lair:5   | Found a viscous altar of Jiyva.
 22491 | Lair:5   | Received a gift from Trog
 22700 | Lair:5   | Reached XP level 14. HP: 103/129 MP: 13/13
 23457 | Lair:6   | Entered Level 6 of the Lair of Beasts
 23457 | Lair:6   | Found the +4 robe of Augmentation {Str+4 Int+4 Dex+4}
 23731 | Lair:6   | Reached skill level 15 in Shields
 24113 | Lair:6   | Received a gift from Trog
 24445 | Lair:6   | Reached skill level 1 in Evocations
 25378 | D:10     | Killed Trueduck's ghost
 26410 | Orc:1    | Entered Level 1 of the Orcish Mines
 26831 | Orc:2    | Entered Level 2 of the Orcish Mines
 26954 | Orc:2    | Reached skill level 15 in Fighting
 27043 | Orc:2    | Reached ****** piety under Trog
 27066 | Orc:1    | Reached XP level 15. HP: 97/141 MP: 2/14
 27512 | Orc:2    | Noticed Azrael
 27573 | Orc:2    | Killed Azrael
 28069 | Orc:2    | Received a gift from Trog
 28092 | Orc:2    | Found a roughly hewn altar of Beogh.
 28228 | Orc:2    | Reached skill level 16 in Shields
 28303 | Orc:2    | Found Totitzea's Antique Weapon Emporium.
 28313 | Orc:2    | Found Jyamnet's Jewellery Shoppe.
 28667 | Orc:2    | Noticed an orc warlord
 28675 | Orc:2    | Killed an orc warlord
 28917 | Orc:2    | Found a staircase to the Elven Halls.
 29376 | Orc:2    | Noticed an orc warlord
 29421 | Orc:2    | Killed an orc warlord
 29431 | Orc:2    | Received a gift from Trog
 29500 | Orc:2    | Upgraded the game from 0.26-a0-966-gd078a86f14 to
                  | 0.26-a0-969-g2c58977ddd
 29778 | Orc:2    | Found Meivis's Antique Armour Shoppe.
 29867 | Orc:2    | Found Murabb's Antique Armour Emporium.
 30285 | Orc:2    | Found a roughly hewn altar of Beogh.
 30420 | D:13     | Noticed Nessos
 30434 | D:13     | Killed Nessos
 30444 | D:13     | Noticed Erolcha
 30539 | D:13     | Killed Erolcha
 31017 | D:13     | Received a gift from Trog
 31806 | D:14     | Found a gate to the Vaults.
 32191 | D:14     | Reached skill level 17 in Shields
 32381 | D:15     | Entered Level 15 of the Dungeon
 32399 | D:15     | Reached XP level 16. HP: 135/152 MP: 15/15
 32818 | D:15     | Noticed Kirke
 32828 | D:15     | Killed Kirke
 32917 | D:15     | Found a portal to a secret trove of treasure.
 32930 | D:15     | Reached skill level 5 in Evocations
 33563 | D:15     | Received a gift from Trog
 33678 | D:15     | Reached skill level 10 in Throwing
 33787 | D:15     | Found a staircase to the Depths.
 34665 | Snake:1  | Entered Level 1 of the Snake Pit
 35200 | Snake:1  | Reached skill level 18 in Shields
 35321 | Snake:1  | Found a transporter.
 35325 | Snake:1  | Noticed Rywnuynonna's ghost (adept HuWn)
 35325 | Snake:1  | Found a transporter.
 35408 | Snake:1  | Received a gift from Trog
 35422 | Snake:1  | Killed Rywnuynonna's ghost
 35810 | Snake:1  | Got a shimmering lead ring
 35825 | Snake:1  | Identified the ring "Duavvaurha" {*Slow rF++ MR++ Stlth-}
                  | (You found it on level 1 of the Snake Pit)
 35843 | Snake:1  | Reached skill level 15 in Axes
 36207 | Snake:1  | Found Gasiugew's Distillery.
 36893 | Snake:2  | Reached XP level 17. HP: 162/162 MP: 16/16
 37214 | Snake:2  | You fall into a shaft and drop 1 floor!
 37633 | Snake:2  | Reached skill level 15 in Armour
 38645 | Snake:3  | Received a gift from Trog
 38928 | Snake:3  | Reached skill level 19 in Shields
 39590 | Snake:4  | Entered Level 4 of the Snake Pit
 39960 | Snake:4  | Got a shimmering wooden ring
 40881 | Snake:4  | Received a gift from Trog
 40882 | Snake:4  | Found the +8 trident of the Octopus King {venom, rElec
                  | rPois MR+}
 41187 | Snake:4  | Reached XP level 18. HP: 148/175 MP: 17/17
 41518 | Snake:4  | Got a serpentine rune of Zot
 41728 | Swamp:1  | Entered Level 1 of the Swamp
 41729 | Swamp:1  | Upgraded the game from 0.26-a0-969-g2c58977ddd to
                  | 0.26-a0-996-g6b303dbc09
 41767 | Swamp:1  | Noticed Nikola
 41800 | Lair:3   | Killed Nikola
 42448 | Swamp:1  | Found a bloodstained altar of Trog.
 43022 | Swamp:2  | Identified the ring of Naute Joci {*Contam rElec Str+6
                  | Dex+6 SInv} (You found it on level 4 of the Snake Pit)
 43521 | Swamp:3  | Identified the +12 demon whip of Buacupia {antimagic,
                  | Dex+4}
 43522 | Swamp:3  | Found a bloodstained altar of Trog.
 43522 | Swamp:3  | Noticed Odwax's ghost (adept MiFi)
 43803 | Swamp:3  | Found a transporter.
 43869 | Swamp:3  | Found a transporter.
 43989 | Swamp:4  | Entered Level 4 of the Swamp
 44041 | Swamp:4  | Received a gift from Trog
 44236 | Swamp:4  | Noticed the 27-headed Lernaean hydra
 44252 | Swamp:4  | Killed the 27-headed Lernaean hydra
 44737 | Swamp:4  | Reached skill level 20 in Shields
 44860 | Swamp:4  | Got a decaying rune of Zot
 45267 | Vaults:1 | Entered Level 1 of the Vaults
 45376 | Vaults:1 | Noticed Saint Roka
 45389 | Vaults:1 | Killed Saint Roka
 45390 | Vaults:1 | Reached XP level 19. HP: 184/184 MP: 18/18
 45745 | Vaults:1 | Noticed Asterion
 45766 | Vaults:1 | Killed Asterion
 45867 | Vaults:1 | Noticed Donald
 45880 | Vaults:1 | Killed Donald
 45884 | Vaults:1 | Received a gift from Trog
 48488 | Vaults:2 | Received a gift from Trog
 48889 | Vaults:2 | Noticed Frederick
 49132 | Vaults:2 | Killed Frederick
 49133 | Vaults:2 | Reached XP level 20. HP: 125/193 MP: 19/19
 50173 | Vaults:3 | Received a gift from Trog
 50177 | Vaults:3 | Got a slimy broad axe {god gift}
 50178 | Vaults:3 | Identified the +4 broad axe of Bizieqyf {antimagic, *Rage
                  | rElec rN+ Stlth+} (Trog gifted it to you on level 3 of the
                  | Vaults)
 51634 | Vaults:3 | Found a staircase to the Crypt.
 52153 | Vaults:4 | Received a gift from Trog
 52679 | Vaults:4 | Found Rakur's Weapon Shoppe.
 53019 | Vaults:4 | Reached skill level 21 in Shields
 53175 | Vaults:4 | Received a gift from Trog
 53866 | Vaults:4 | Reached XP level 21. HP: 203/203 MP: 20/20
 54321 | Depths:1 | Entered Level 1 of the Depths
 54363 | Depths:1 | Found a sparkling altar of Nemelex Xobeh.
 54757 | Depths:1 | Found a gateway to Hell.
 54880 | Depths:1 | Received a gift from Trog
 55088 | Depths:1 | Reached skill level 10 in Evocations
 55533 | Depths:1 | Found a gateway to a ziggurat.
 55533 | Depths:1 | Noticed an ancient lich
 55565 | Depths:1 | Found Kaiwn's Gadget Shoppe.
 55566 | Depths:1 | Found Gemuycs's Jewellery Boutique.
 55566 | Depths:1 | Found Zenkaina's Jewellery Boutique.
 55908 | Depths:1 | Bought an uncursed ring of protection from cold for 500
                  | gold pieces
 55912 | Depths:1 | Bought the ring of Xom's Flight of Fancy {rPois rF+ rN+}
                  | for 611 gold pieces
 56737 | Lair:4   | Gained mutation: Your spells are a little easier to cast,
                  | but a little less powerful. [mutagenic glow]
 57407 | Depths:1 | Found Xedgh's Weapon Shoppe.
 58629 | Depths:2 | Identified the +7 hand axe of Ru's Condemnation {vorpal,
                  | rC+ Str+4}
 58661 | Depths:2 | Received a gift from Trog
 58969 | Depths:2 | You fall into a shaft and drop 2 floors!
 58969 | Depths:4 | Found a one-way gate leading to the halls of Pandemonium.
 59317 | Depths:4 | Received a gift from Trog
 59682 | Depths:4 | Found a one-way gate to the infinite horrors of the Abyss.
 59847 | Depths:4 | Found a transporter.
 59853 | Depths:4 | Found a transporter.
 60224 | Depths:3 | Noticed the Enchantress
 60471 | Depths:4 | Killed the Enchantress
 60558 | Depths:3 | Found Enuqeo's Antique Weapon Shoppe.
 60577 | Depths:4 | Reached XP level 22. HP: 116/213 MP: 21/21
 61137 | Depths:4 | Received a gift from Trog
 61364 | Depths:4 | Got a steaming war axe {god gift}
 61365 | Depths:4 | Identified the +0 war axe of the Five Prophets {vorpal,
                  | +Inv rElec Str+4 Dex+2 Stlth+} (Trog gifted it to you on
                  | level 4 of the Depths)
 62114 | Depths:2 | Noticed a caustic shrike
 62134 | Depths:2 | Killed a caustic shrike
 63045 | Depths:3 | Reached skill level 15 in Throwing
 63230 | Depths:3 | Received a gift from Trog
 63257 | Depths:3 | Reached skill level 22 in Shields
 63520 | Depths:3 | Noticed Xtahua
 63549 | Depths:3 | Killed Xtahua
 64300 | Depths:3 | Found a white marble altar of Elyvilon.
 64300 | Depths:3 | Found a glowing silver altar of Zin.
 64426 | Depths:3 | Found a glowing golden altar of the Shining One.
 64645 | Depths:3 | Gained mutation: Armour fits poorly on your strangely
                  | shaped body. [a neqoxec]
 65010 | Depths:4 | Found Onnebe's Distillery.
 65018 | Depths:4 | Bought a potion of heal wounds for 75 gold pieces
 65018 | Depths:4 | Bought a potion of heal wounds for 75 gold pieces
 65018 | Depths:4 | Bought a potion of heal wounds for 75 gold pieces
 65018 | Depths:4 | Bought a potion of heal wounds for 75 gold pieces
 65034 | Depths:4 | Noticed a juggernaut
 65037 | Depths:4 | Found a bloodstained altar of Trog.
 65038 | Depths:4 | Found the cursed necklace of Bloodlust {*Rage +Rage MR++
                  | Int-3 Slay+6 *Curse}
 65300 | Depths:4 | Paralysed by a floating eye for 2 turns
 65817 | Depths:5 | Entered Level 5 of the Depths
 65858 | Depths:5 | Reached XP level 23. HP: 206/223 MP: 22/22
 66388 | Depths:5 | Found a gate to the Realm of Zot.
 66872 | Depths:5 | Received a gift from Trog
 67714 | Vaults:5 | Entered Level 5 of the Vaults
 68042 | Vaults:5 | Noticed Mara
 68057 | Vaults:5 | Noticed DerHolg's illusion
 68057 | Vaults:5 | Killed Mara
 68058 | Vaults:5 | Reached skill level 23 in Shields
 69020 | Vaults:5 | Identified the ring "Wolanuda" {*Slow rF+ EV+4 Int+4}
 69069 | Vaults:5 | Identified the +5 hand crossbow "Azup" {venom, rF+ rC+ MR-
                  | Dex+5}
 69071 | Vaults:5 | Identified the +6 spear "Kes Vuck" {vamp, +Inv rN+ MR+
                  | Str-4}
 69075 | Vaults:5 | Received a gift from Trog
 69449 | Vaults:5 | Noticed an ancient lich
 69471 | Vaults:5 | Killed an ancient lich
 69820 | Vaults:5 | Noticed Bai Suzhen
 69856 | Vaults:5 | Killed Bai Suzhen
 69960 | Vaults:5 | Reached XP level 24. HP: 190/233 MP: 22/22
 70720 | Vaults:5 | Received a gift from Trog
 70853 | Vaults:5 | Got a silver rune of Zot
 71061 | Vaults:5 | Found Wyimp's Book Emporium.
 72510 | Vaults:5 | Got a pair of faintly humming boots
 72521 | Vaults:5 | Identified the +3 pair of boots of Ylock {rN+} (You found
                  | it on level 5 of the Vaults)
 72559 | Vaults:5 | Got a transparent scale mail
 72570 | Vaults:5 | Identified the cursed +1 scale mail of the Furrier {MR+
                  | Dex+4} (You found it on level 5 of the Vaults)
 72944 | D:15     | You paid a toll of a +6 demon whip to enter a treasure
                  | trove
 72945 | Trove    | Entered a treasure trove
 72991 | Trove    | Got a brightly glowing war axe
 72997 | Trove    | Got a translucent broad axe
 72999 | Trove    | Got a warped broad axe
 73021 | D:15     | Identified the +2 war axe of Wariness {flame, MP-9 Str+4
                  | Dex+3} (You found it in a treasure trove)
 73022 | D:15     | Identified the +5 broad axe of the Big Bang {freeze,
                  | Fragile rElec SInv} (You found it in a treasure trove)
 73024 | D:15     | Identified the +6 broad axe of Light {vorpal, +Blink rC+
                  | Str-5} (You found it in a treasure trove)
 73032 | D:15     | Identified a scroll of acquirement
 73032 | D:15     | Acquired 781 gold pieces
 73297 | D:4      | Bought a scroll of enchant armour for 82 gold pieces
 73297 | D:4      | Bought a scroll of enchant armour for 82 gold pieces
 73550 | Orc:2    | Bought a glowing plate armour for 754 gold pieces
 73588 | Orc:2    | Bought a runed plate armour for 884 gold pieces
 73604 | Orc:2    | Bought a shiny plate armour for 884 gold pieces
 73999 | Depths:4 | Found a runed translucent door.
 74037 | Depths:4 | Killed a juggernaut
 74153 | Depths:4 | Reached skill level 1 in Maces & Flails
 74879 | Elf:1    | Entered Level 1 of the Elven Halls
 74894 | Elf:1    | Reached skill level 24 in Shields
 74972 | Elf:1    | You fall into a shaft and drop 1 floor!
 75394 | Elf:2    | Received a gift from Trog
 75485 | Elf:2    | Found a runed translucent gate.
 75485 | Elf:2    | Found a runed translucent gate.
 75486 | Elf:2    | Found a runed translucent gate.
 76821 | Elf:1    | Received a gift from Trog
 76829 | Elf:1    | Identified the cursed +1 halberd "Akossevuan" {venom, rPois
                  | rN++ Dex+5}
 76960 | Elf:1    | Found a runed translucent gate.
 76960 | Elf:1    | Found a runed translucent gate.
 76960 | Elf:1    | Found a runed translucent gate.
 76960 | Elf:1    | Found a runed translucent gate.
 76960 | Elf:1    | Found a runed translucent gate.
 76963 | Elf:1    | Found a runed translucent gate.
 77181 | Elf:2    | Gained mutation: Your body sometimes deteriorates upon
                  | taking damage. [a neqoxec]
 77352 | Elf:2    | Found Xytirch's Antique Armour Boutique.
 77355 | Elf:2    | Bought a faintly glowing kite shield for 285 gold pieces
 77355 | Elf:2    | Bought a pair of embroidered gloves for 225 gold pieces
 77376 | Elf:2    | Identified the +1 kite shield of Quantum Leap {+Inv rElec}
                  | (You bought it in a shop on level 2 of the Elven Halls)
 77509 | Elf:2    | Got a faintly humming cloak
 77519 | Elf:2    | Identified the cursed +0 cloak of Vehumet's Hope {Slay+3}
                  | (You found it on level 2 of the Elven Halls)
 77519 | Elf:2    | Found a shimmering blue altar of Sif Muna.
 77649 | Elf:2    | Reached XP level 25. HP: 243/243 MP: 22/22
 77666 | Elf:2    | Got a vibrating crystal amulet
 77671 | Elf:2    | Identified the amulet "Dyxzutt" {RegenMP MR+ Int-5 Dex+4
                  | SInv} (You found it on level 2 of the Elven Halls)
 78085 | Elf:3    | Entered Level 3 of the Elven Halls
 78115 | Elf:3    | Received a gift from Trog
 78121 | Elf:3    | Reached skill level 15 in Dodging
 78242 | Elf:3    | Noticed Aizul
 78264 | Elf:3    | Killed Aizul
 78339 | Elf:3    | Received a gift from Trog
 78420 | Elf:3    | Reached skill level 25 in Shields
 78833 | Elf:3    | Found the +5 demon whip "Spellbinder" {antimagic, MR+}
 78873 | Elf:3    | Got a faintly glowing cloak
 78946 | Elf:3    | Identified the +1 cloak of Poklait {Int+4} (You found it on
                  | level 3 of the Elven Halls)
 79439 | Elf:3    | Received a gift from Trog
 80085 | Slime:1  | Entered Level 1 of the Pits of Slime
 80124 | Slime:1  | Gained mutation: Scrolls take you a little longer to read.
                  | [a shining eye]
 80126 | Slime:1  | Gained mutation: Your magical capacity is low. (-10% MP) [a
                  | shining eye]
 80129 | Slime:1  | Gained mutation: You are frail. (-10% HP) [a shining eye]
 80134 | Slime:1  | Gained mutation: Your body often deteriorates upon taking
                  | damage. [a shining eye]
 80136 | Slime:1  | Gained mutation: You occasionally shout uncontrollably at
                  | your foes. [a shining eye]
 80274 | Slime:2  | Gained mutation: You tend to lose your temper in combat. [a
                  | shining eye]
 80282 | Slime:2  | HP: 6/220 [acid blob (27)]
 80282 | Slime:2  | HP: 1/220 [acid (5)]
 80283 | Slime:2  | Slain by a titanic slime creature

Illustrated notes

Levels and vault maps discovered:
D:1:      erik_arrival_orb_chamber, layout_loops_ring
D:2:      minmay_skewed_foursquare, layout_loops_ring,
          chequers_ecumenical_altar_simple_redux, uniq_crazy_yiuf_cottage,
          uniq_robin
D:3:      layout_basic
D:4:      layout_rooms, minmay_temple_entry_wispy, serial_shops,
          nicolae_shop_behind_doors
D:5:      wander_guarded_unrand_ratskin, layout_loops_cross,
          nicolae_tso_besieged_by_evil, nicolae_overflow_crystal_walls,
          nicolae_qazlal_style_of_elements
D:6:      layout_rooms, cheibrodos_sewer_entry_drain, uniq_menkaure
D:7:      layout_loops_cross, lemuel_coloured_pillars_altar,
          corexii_leaking_fountain, grunt_dithmenos_smoke, uniq_prince_ribbit1,
          uniq_maggie, uniq_duvessa
D:8:      layout_basic, ashenzari_conservatory_becter, david_lair_generic,
          basic_altar
D:9:      layout_basic, gammafunk_temple_overflow_wave, kennysheep_mini_moat,
          minitemple, nrook_loot_triangle, worms_lemuel
D:10:     layout_roguey, ebering_ghost_reflecting_pool
D:11:     minmay_the_grid_octo_tiled_squarecenter_mashed
          [minmay_the_grid_octo_odd_swirl, minmay_the_grid_octo_vomiting_pacman,
          minmay_the_grid_octo_checkered, minmay_the_grid_octo_clover_2,
          minmay_the_grid_square_5x5_megaprize_diamond,
          minmay_the_grid_square_5x5_three_small,
          minmay_the_grid_square_5x5_pentomino_r,
          minmay_the_grid_square_5x5_inverted_slash,
          minmay_the_grid_square_5x5_checkered_statues], layout_basic,
          david_orc_5, serial_shops, shop
D:12:     layout_stronghold, basic_altar
D:13:     layout_rooms, uniq_erolcha, uniq_nessos
D:14:     layout_irregular_city, david_vaults_4, grunt_decor_clamped
D:15:     gammafunk_enter_depths_forms, layout_basic,
          nicolae_trove_entry_path_of_doom, grunt_ministairs_11, uniq_kirke
Lair:1:   layout_regular_city, beast_lair_carwin_2, infiniplex_staircase_pool,
          uniq_fannar
Lair:2:   layout_gridlike, bobbens_dragon_lair_wall,
          infiniplex_staircase_pool_2, uniq_harold
Lair:3:   layout_roguey, minmay_swamp_entry_worms,
          chequers_serial_rivers_micro_d, serial_bayou_shore_b,
          lemuel_fruit_tree, uniq_gastronok
Lair:4:   layout_layer_cave, dummy_snake_entry, minmay_lindwurm_lava,
          grunt_megastairs_3
Lair:5:   layout_gridlike, slime_altar_1
Lair:6:   grunt_lair_end_beastmaster, layout_cave_shapes
Swamp:1:  layout_basic_swamp, lemuel_altar_in_water, uniq_nikola
Swamp:2:  layout_falls_marsh, evilmike_swamp_ruin_rubble_2
Swamp:3:  layout_basic_swamp, gammafunk_ghost_wrathful_warriors,
          evilmike_swamp_ruin_house_4
Swamp:4:  swamp_old_school, layout_basic_swamp
Snake:1:  layout_chambers, serial_shops, nicolae_shop_statue_plus,
          gammafunk_ghost_arena
Snake:2:  layout_cave_town
Snake:3:  layout_chambers
Snake:4:  grunt_snake_rune_serpentine_throne, layout_cave_town
Slime:1:  layout_caves, nicolae_slime_barrier,
          cheibrodos_slime_lost_civilization_7
Slime:2:  layout_caves
Orc:1:    layout_caves
Orc:2:    pubby_orc_utopia, uniq_azrael
Elf:1:    eino_elf_arrival_the_gate, layout_rooms, orc_legates
Elf:2:    layout_loops_cross, serial_shops, nicolae_shop_behind_doors,
          hangedman_summoners_spam
Elf:3:    elf_hall, layout_geoelf_diagonals, minmay_elf_sorcery, uniq_aizul
Vaults:1: nicolae_vaults_twisting_passages, vaults_mumra_minichess_inversion,
          nicolae_vaults_asterisk, hangedman_vaults_corner, grunt_vaults_focal,
          vaults_dpeg_hooks, vaults_room_corners,
          nicolae_vaults_ring_of_whatevers, nicolae_vaults_three_branches,
          vaults_room_grunt_arrival_ludios, layout_vaults_ring, uniq_saint_roka,
          uniq_donald, uniq_asterion
Vaults:2: ontoclasm_vaults_ligature, nicolae_vaults_little_squares_6,
          nicolae_vaults_little_ls, ontoclasm_vaults_ring_small,
          v_alt_pattern_2, ontoclasm_vaults_decontamination, sword_in_stone,
          dpeg_vaults_monster_box, v_alt_pattern_1, layout_vaults_quadrants
Vaults:3: vaults_standard_mumra_enter_the_diamond, grunt_vaults_diagonal,
          v_misc_18, ontoclasm_vaults_fault, minmay_crypt_entry_simple_sparse,
          nicolae_vaults_theta, nicolae_vaults_little_squares_5,
          vaults_room_pools, v_misc_22, nicolae_vaults_little_squares_6,
          vaults_room_door_hall, nicolae_vaults_alarming, hangedman_vaults_trim,
          layout_vaults_omnicross
Vaults:4: v_pattern_2, vaults_room_guarded_vault, vaults_mumra_chevron_long,
          vaults_standard_mumra_enter_the_diamond,
          nicolae_vaults_diagonal_hallway_8, ontoclasm_vaults_ring_small,
          nicolae_vaults_little_squares_1, vaults_standard_mumra_lines,
          vaults_room_pools, v_misc_28, nicolae_vaults_yaktaur_gun_rack,
          v_alt_pattern_6, layout_vaults_maze_bifur, serial_shops, shop
Vaults:5: uniq_bai_suzhen, uniq_mara
Depths:1: layout_gridlike, enter_ziggurat_c, serial_shops, shop_statue,
          nemelex_xobeh_ov_fountains_minmay, pf_hell_entry_tar_spiral,
          minmay_statues_item, hangedman_decor_opposing,
          kennysheep_generic_room_6, grunt_megastairs_5, firewood_loft,
          minmay_shop_grove
Depths:2: hangedman_hanging_gardens, layout_basic, hangedman_geh_valley,
          abyss_entry
Depths:3: wad_cavern_with_rooms, layout_cave_shapes, serial_bayou,
          serial_bayou_pond_b, serial_bayou_crossing, dk_noncrumbling_4,
          rand_demon_pan_entry_4, hell_entry, serial_shops, shop, drop_trap,
          hallowed_hall, uniq_enchantress, uniq_xtahua, uniq_margery
Depths:4: emtedronai_trogs_sanctum, layout_gridlike, grunt_pan_entry_in_and_out,
          serial_curves, eino_curves_01, eino_curves_03, eino_curves_02,
          pf_coc_iceberg, abyss_entry, serial_shops, shop,
          minmay_staircase_windowed_small
Depths:5: grunt_zot_entry_funnels, layout_gridville, hell_entry,
          minmay_tree_intersection, lemuel_flame_loot_1

Skill      XL: |  1  2  3  4  5  6  7  8  9 10 11 12 13 14 15 16 17 18 19 20 21 22 23 24 25 |
---------------+----------------------------------------------------------------------------+-----
Axes           | 4 5 6 7 8 9 10 11 12 13 14 15 16 17 18 19 20 | 20.0
Fighting       | 4 5 6 7 9 10 11 13 15 16 17 19 20 21 22 23 | 23.7
Armour         | 3 4 5 6 7 8 9 11 12 13 14 15 16 18 19 20 21 22 23 24 | 24.2
Shields        | 1 3 4 5 7 9 11 12 13 14 15 17 18 19 20 21 22 23 24 25 | 25.0
Dodging        | 3 4 5 6 8 9 10 12 14 15 | 15.9
Throwing       | 3 5 7 8 9 10 11 12 13 14 15 16 | 16.0
Evocations     | 2 4 5 7 8 9 10 | 10.9
Maces & Flails | 1 |  1.0
Polearms       | |  0.5

Action                   |  1- 3 |  4- 6 |  7- 9 | 10-12 | 13-15 | 16-18 | 19-21 | 22-24 | 25-27 || total
-------------------------+-------+-------+-------+-------+-------+-------+-------+-------+-------++-------
Melee: Hand axe          |    74 |   123 |       |       |       |       |   266 |  1199 |       ||  1662
       Headbutt          |    11 |    25 |    71 |   179 |   353 |   269 |   516 |   618 |    98 ||  2140
       War axe           |       |    25 |   434 |   416 |  1155 |   845 |  1216 |       |       ||  4091
       Broad axe         |       |       |       |   380 |   295 |    47 |       |   450 |   374 ||  1546
       Trident           |       |       |       |    18 |    26 |   103 |    22 |   218 |       ||   387
Throw: Boomerang         |       |       |       |       |    79 |   621 |   434 |   407 |       ||  1541
       Javelin           |       |       |       |       |       |       |       |    29 |       ||    29
Invok: Berserk           |     3 |     5 |     1 |    11 |     2 |     2 |     2 |       |       ||    26
       Trog's Hand       |       |       |     2 |     2 |     6 |     3 |     6 |     5 |     1 ||    25
       Brothers in Arms  |       |       |       |     1 |     2 |     5 |     2 |     2 |       ||    12
Evoke: Wand              |       |       |       |     6 |     2 |       |       |       |       ||     8
  Use: Scroll            |       |       |     9 |     8 |    15 |    18 |     5 |    11 |     2 ||    68
       Potion            |       |       |       |       |     2 |     2 |     6 |     8 |     5 ||    23
 Stab: Distracted        |       |       |       |     1 |     1 |     1 |     1 |     1 |       ||     5
       Petrified         |       |       |       |       |     2 |       |     3 |       |       ||     5
       Invisible         |       |       |       |       |       |       |       |     3 |       ||     3
Armor: Animal skin       |    12 |       |       |       |       |       |       |       |       ||    12
       Scale mail        |     6 |    53 |       |       |    53 |       |       |       |       ||   112
       Ring mail         |       |       |    94 |    77 |       |       |    24 |       |       ||   195
       Plate armour      |       |       |       |   152 |   173 |       |       |     1 |       ||   326
       Chain mail        |       |       |       |       |   124 |   284 |   127 |   262 |       ||   797
       Ice dragon scales |       |       |       |       |       |       |    96 |       |       ||    96
       Crystal plate arm |       |       |       |       |       |       |       |    75 |    80 ||   155
Dodge: Dodged            |    30 |    34 |    90 |   165 |   259 |   215 |   290 |   273 |    75 ||  1431
Block: Tower shield      |       |   109 |   349 |   769 |  1185 |  1205 |  1418 |  1521 |   326 ||  6882
       Reflection        |       |       |       |       |       |   148 |   167 |   105 |    59 ||   479
       Kite shield       |       |       |       |       |       |       |       |    16 |     4 ||    20

Table legend: (Time is in decaauts)
 A = Elapsed time spent in this place.
 B = Non-inter-level travel time spent in this place.
 C = Inter-level travel time spent in this place.
 D = Time resting spent in this place.
 E = Time spent auto-exploring this place.
 F = Levels seen in this place.
 G = Mean time per level.
                   A        B        C        D        E       F      G
               +--------+--------+--------+--------+--------+-----+--------+
         Total |  79392 |  72809 |   6583 |  21842 |  33148 |  48 | 1654.0 |
       Dungeon |  21781 |  18888 |   2893 |   3461 |  10649 |  15 | 1452.1 |
          Lair |  11397 |  10298 |   1099 |   2874 |   5165 |   6 | 1899.5 |
         Swamp |   3131 |   2929 |    202 |    620 |   1582 |   4 |  782.8 |
     Snake Pit |   6854 |   6648 |    206 |   1981 |   3549 |   4 | 1713.5 |
    Slime Pits |    180 |    180 |      0 |    115 |      0 |   2 |   90.0 |
  Orcish Mines |   4403 |   3934 |    469 |    731 |   1970 |   2 | 2201.5 |
   Elven Halls |   4656 |   4462 |    194 |    757 |   2218 |   3 | 1552.0 |
        Vaults |  13577 |  12714 |    863 |   4767 |   4398 |   5 | 2715.4 |
        Depths |  12759 |  12104 |    655 |   6533 |   3244 |   5 | 2551.8 |
         Trove |     72 |     72 |      0 |      0 |     47 |   1 |   72.0 |
         Sewer |    577 |    577 |      0 |      0 |    323 |   1 |  577.0 |
               +--------+--------+--------+--------+--------+-----+--------+

Top non-repeatable levels by time:
Vaults:5: 4669 daAuts
Depths:4: 3690 daAuts
Depths:1: 3354 daAuts
   Orc:2: 3328 daAuts
    D:11: 3170 daAuts
  Lair:1: 2767 daAuts
    D:15: 2493 daAuts
Vaults:3: 2376 daAuts
Vaults:1: 2335 daAuts
Vaults:2: 2299 daAuts
Depths:2: 2194 daAuts
     D:9: 2172 daAuts
  Lair:3: 2153 daAuts
 Snake:1: 2149 daAuts
Depths:3: 2103 daAuts
